AoeStats
← danibelzea

Fortress

509540887Analyzed
3v3 RM · 2mo ago on Sep 27, 2026· 62m 19s· 6 players
Game mode
Random Map
Map size
Large (8 player)
Population
200
Speed
Normal
Resources
Standard
Victory
Conquest
Starting age
Dark Age
Ending age
Imperial Age
RankedLock teamsTeams togetherTeam positionsShared explorationLock speedFull tech treeHidden civsTurbo modeCheats
Victory
Defeat
🇨🇦 Bohemians · Canada
951
+14
🇲🇽 Slavs · Mexico
935
+15
🇲🇽 Persians · Mexico
930
+15
vs
🇨🇴 Vikings · Colombia
944
-46
🇨🇴 Saracens · Colombia
911
-20
🇨🇴 Turks · Colombia
861
-28
danibelzea
10:23 Feudal Age
16:27 Castle Age
15:40 Loom
15:50 Double-Bit Axe
17:44 Coinage
17:56 Arson
19:55 Scale Mail Armor
21:11 Town Watch
20:52 Pikeman
21:33 Squires
24:20 Bow Saw
24:25 Gold Mining
25:46 Caravan
28:08 Stone Mining
28:54 Gold Shaft Mining
29:05 Chieftains
31:49 Imperial Age
30:36 Siphons
30:22 Guard Tower
30:44 Fortified Wall
33:07 Conscription
34:34 Town Patrol
36:54 Elite Berserk
41:39 Heavy Scorpion
43:16 Hoardings
42:12 Sappers
44:31 Bogsveigar
47:58 Arrowslits
49:14 Chemistry
48:35 Ballistics
47:57 Treadmill Crane
48:28 Masonry
50:12 Elite Varangian Guard
62:52 Chain Mail Armor
62:43 Scale Barding Armor
62:49 Forging
62:29 Fletching
62:39 Padded Archer Armor
CatMeme
8:50 Feudal Age
7:36 Loom
12:48 Castle Age
11:10 Horse Collar
11:17 Double-Bit Axe
14:10 Wheelbarrow
20:06 Heavy Plow
20:21 Bow Saw
22:45 Hand Cart
22:17 Town Watch
27:35 Town Patrol
32:00 Imperial Age
34:18 Ballistics
37:14 Bloodlines
37:53 Forging
37:49 Scale Barding Armor
37:45 Padded Archer Armor
37:36 Fletching
38:26 Husbandry
39:43 Chain Barding Armor
39:58 Iron Casting
40:15 Cavalier
43:55 Plate Barding Armor
44:20 Blast Furnace
43:16 Bodkin Arrow
43:37 Leather Archer Armor
44:51 Man-at-Arms
45:35 Scale Mail Armor
45:47 Squires
45:32 Arson
45:40 Long Swordsman
46:26 Two-Handed Swordsman
47:17 Champion
49:17 Chain Mail Armor
51:51 Plate Mail Armor
51:22 Bracer
51:38 Leather Archer Armor
Pizza
9:53 Feudal Age
9:54 Loom
11:07 Double-Bit Axe
14:13 Castle Age
13:44 Scale Barding Armor
13:52 Forging
18:52 Wheelbarrow
18:33 Horse Collar
21:28 Heavy Plow
21:50 Town Watch
23:19 Bow Saw
25:50 Hand Cart
26:59 Chain Barding Armor
27:11 Fervor
30:04 Imperial Age
28:35 Redemption
29:43 Town Patrol
30:45 Sanctity
31:39 Elite Mameluke
36:14 Elite Skirmisher
36:55 Padded Archer Armor
36:46 Fletching
37:31 Plate Barding Armor
39:30 Block Printing
39:44 Illumination
39:22 Bodkin Arrow
39:42 Leather Archer Armor
43:41 Ring Archer Armor
43:12 Bracer
43:48 Iron Casting
47:20 Blast Furnace
49:28 Onager
Octimen128
7:13 Feudal Age
11:09 Castle Age
10:40 Double-Bit Axe
12:27 Bow Saw
12:01 Horse Collar
13:03 Heavy Plow
15:23 Loom
18:22 Fervor
20:41 Wheelbarrow
24:53 Imperial Age
23:14 Hand Cart
22:45 Town Watch
23:08 Fletching
23:22 Pikeman
24:03 Squires
24:37 Forging
24:27 Scale Mail Armor
25:00 Bodkin Arrow
25:06 Padded Archer Armor
27:00 Chemistry
25:37 Elite Skirmisher
27:30 Two-Man Saw
28:19 Bracer
28:46 Ballistics
28:38 Houfnice
29:40 Leather Archer Armor
29:43 Wagenburg Tactics
29:59 Conscription
30:47 Chain Mail Armor
33:54 Hussite Reforms
34:05 Halberdier
35:22 Iron Casting
35:18 Plate Mail Armor
35:51 Ring Archer Armor
35:35 Man-at-Arms
36:49 Sanctity
36:30 Devotion
37:06 Theocracy
36:56 Illumination
36:47 Block Printing
36:33 Atonement
36:43 Redemption
37:15 Town Patrol
39:13 Faith
40:26 Blast Furnace
39:27 Long Swordsman
44:21 Siege Engineers
44:27 Masonry
44:38 Bombard Tower
44:14 Murder Holes
46:30 Architecture
46:10 Caravan
45:56 Light Cavalry
46:36 Husbandry
46:47 Scale Barding Armor
46:53 Long Swordsman
48:17 Two-Handed Swordsman
50:02 Chain Barding Armor
49:15 Champion
52:39 Arson
Lone2311
0:58 Loom
6:24 Feudal Age
8:11 Wheelbarrow
7:18 Horse Collar
7:25 Double-Bit Axe
7:51 Town Watch
14:13 Gold Mining
14:14 Stone Mining
17:41 Castle Age
19:07 Hand Cart
19:05 Bow Saw
18:56 Heavy Plow
19:35 Gold Shaft Mining
20:09 Husbandry
20:19 Bloodlines
19:31 Light Cavalry
20:16 Detinets
32:19 Imperial Age
31:57 Caravan
33:02 Town Patrol
34:58 Conscription
34:01 Elite Boyar
34:42 Druzhina
35:21 Hoardings
37:09 Hussar
40:10 Two-Man Saw
39:49 Crop Rotation
39:49 Elite Skirmisher
39:52 Pikeman
40:32 Squires
42:42 Ballistics
43:23 Chemistry
42:20 Murder Holes
42:30 Siege Engineers
42:36 Masonry
42:34 Scale Barding Armor
42:29 Scale Mail Armor
42:39 Forging
42:19 Fletching
42:29 Padded Archer Armor
42:37 Fletching
42:47 Padded Archer Armor
42:32 Halberdier
44:55 Capped Ram
44:55 Onager
47:16 Chain Barding Armor
47:11 Chain Mail Armor
47:31 Iron Casting
46:52 Bodkin Arrow
47:12 Leather Archer Armor
46:20 Siege Ram
49:37 Coinage
49:06 Cavalier
52:05 Banking
60:46 Plate Barding Armor
60:41 Plate Mail Armor
61:11 Blast Furnace
60:43 Ring Archer Armor
60:26 Fortified Wall
60:08 Guard Tower
59:42 Heavy Scorpion
60:05 Sappers
AxelMV877657
8:07 Feudal Age
10:40 Horse Collar
10:47 Double-Bit Axe
16:32 Castle Age
14:29 Gold Mining
15:47 Wheelbarrow
17:20 Bow Saw
17:21 Kamandaran
17:32 Padded Archer Armor
17:22 Fletching
23:55 Leather Archer Armor
23:35 Bodkin Arrow
23:46 Scale Barding Armor
24:02 Crossbowman
29:23 Thumb Ring
33:35 Imperial Age
31:44 Gold Shaft Mining
31:50 Chain Barding Armor
35:00 Ring Archer Armor
38:29 Plate Barding Armor
38:08 Citadels
39:45 Two-Man Saw
39:14 Caravan
39:52 Scale Mail Armor
40:02 Forging
39:16 Pikeman
39:41 Arson
39:57 Squires
40:16 Stone Mining
41:50 Chemistry
42:57 Masonry
43:48 Conscription
42:59 Sappers
44:04 Hoardings
43:02 Elite Skirmisher
46:05 Coinage
45:46 Guilds
45:27 Elite War Elephant
46:46 Siphons
46:10 Halberdier
46:36 Gambesons
48:11 Heavy Plow
54:58 Crop Rotation
57:39 Ballistics
57:09 Guard Tower
57:15 Murder Holes
57:30 Clinker Construction
57:31 Careening
57:12 Heated Shot
57:52 Architecture
57:33 Incendiaries
58:33 Banking
Connection lost

Rejoining the realm…

Still unreachable

The connection could not be restored.

Session expired

The server has moved on; the page needs a fresh start.